 Dungeon Crawl Stone Soup version 0.20.0-8-g6b59dc7 (webtiles) character file.

7940 Lexie the Severer (level 11, -4/82 HPs)
             Began as a Minotaur Berserker on June 1, 2017.
             Was a High Priest of Trog.
             Slain by a gnoll sergeant
             ... wielding a +1 trident of flaming
              (9 damage)
             ... on level 8 of the Dungeon.
             The game lasted 00:13:50 (10068 turns).

Lexie the Severer (Minotaur Berserker)             Turns: 10068, Time: 00:13:50

Health: -4/82      AC:  5    Str: 25    XL:     11   Next: 3%
Magic:  19/19      EV: 12    Int:  4    God:    Trog [*****.]
Gold:   465        SH:  0    Dex: 10    Spells: 10/10 levels left

rFire    . . .     SeeInvis .   l - +3 battleaxe (curse)
rCold    . . .     Gourm    .   (shield currently unavailable)
rNeg     . . .     Faith    .   b - +0 animal skin
rPois    .         Spirit   .   (helmet restricted)
rElec    .         Reflect  .   C - +1 cloak
rCorr    .         Harm     .   (no gloves)
MR       .....                  t - +0 pair of boots
Stlth    +.........             H - amulet of magic regeneration
Regen    0.3/turn               m - ring of magical power
MPRegen  0.3/turn               (no ring)

@: berserk cooldown, slowed, very slow
A: retaliatory headbutt, horns 2
a: Berserk, Trog's Hand, Brothers in Arms, Burn Spellbooks, Renounce Religion


You were on level 8 of the Dungeon.
You worshipped Trog.
Trog was extremely pleased with you.
You were very hungry.

You visited 1 branch of the dungeon, and saw 8 of its levels.

You collected 465 gold pieces.

Inventory:

Hand Weapons
 a - a +0 hand axe
 l - a cursed +3 battleaxe (weapon)
 A - a -1 war axe
 J - a +3 battleaxe
Armour
 b - a +0 animal skin (worn)
 t - a +0 pair of boots (worn)
 C - a +1 cloak (worn)
Jewellery
 m - a ring of magical power (left hand)
 H - an amulet of magic regeneration (around neck)
Wands
 G - a wand of iceblast (8/15)
Scrolls
 d - 7 scrolls of identify
 g - 2 scrolls of teleportation
 i - 2 scrolls of fear
 j - 3 scrolls of noise
 o - 3 scrolls of recharging
 u - 2 scrolls of remove curse
 v - 2 scrolls of enchant armour {unknown}
 x - 3 scrolls of blinking {unknown}
 y - a scroll of immolation {unknown}
 D - a scroll of magic mapping {unknown}
Potions
 e - 5 potions of curing
 h - a potion of resistance
 k - a potion of berserk rage {unknown}
 q - 2 potions of haste {unknown}
 s - 2 potions of might {unknown}
 w - 3 potions of flight {unknown}
 z - a potion of lignification {unknown}
 B - a potion of magic {unknown}
 E - 2 potions of heal wounds {unknown}
 F - a potion of degeneration {unknown}
Books
 n - a book of Maledictions

   Spells                             Type                      Level
   a - Corona                         Hexes                        1
   b - Ensorcelled Hibernation        Hexes/Ice                    2
   c - Confuse                        Hexes                        3
   d - Tukima's Dance                 Hexes                        3
   e - Dazzling Spray                 Conjuration/Hexes            3
   Trog disapproves of the use of such an item.
 p - a Young Poisoner's Handbook

   Spells                             Type                      Level
   a - Sting                          Conjuration/Poison           1
   b - Poisonous Vapours              Poison/Air                   2
   c - Mephitic Cloud                 Conjuration/Poison/Air       3
   d - Olgreb's Toxic Radiance        Poison                       4
   e - Venom Bolt                     Conjuration/Poison           5
   Trog disapproves of the use of such an item.
Comestibles
 c - 3 bread rations
 f - 2 royal jellies
 r - a fruit
 I - a meat ration


   Skills:
 - Level 3.6 Fighting
 + Level 18.8 Axes
 - Level 2.4 Armour
 - Level 2.1 Dodging


You had 10 spell levels left.
You didn't know any spells.

Dungeon Overview and Level Annotations

Branches:
Dungeon (8/15)             Temple (0/1) D:7            Lair (0/6) D:8

Altars:
Fedhas
Hepliaklqana
Nemelex Xobeh
Ru

Shops:
D:7 [   D:8 *

Annotations:
D:3 1 transporter


Innate Abilities, Weirdness & Mutations

You reflexively headbutt those who attack you in melee.
You have a pair of horns on your head.


Message History

An ogre comes into view. It is wielding a giant spiked club.
The gnoll closely misses you. You furiously retaliate!
You headbutt the gnoll!
The gnoll sergeant hits you with a trident of flaming.
The gnoll sergeant burns you.
An orc warrior comes into view. It is wielding a glaive.
Items here: )) [ † a short sword; a ring mail; a spear; a gnoll corpse The orc warrior shouts!
You hit the gnoll sergeant but do no damage.
You closely miss the gnoll. The gnoll hits you with a whip!
* * * LOW HITPOINT WARNING * * *
The gnoll sergeant hits you with a trident of flaming.
* * * LOW HITPOINT WARNING * * *
The gnoll sergeant burns you.
* * * LOW HITPOINT WARNING * * *
The gnoll hits you with a whip!
* * * LOW HITPOINT WARNING * * *
A wight comes into view.
It is wielding an enchanted great sword.
The gnoll sergeant hits you from afar with a trident of flaming!
You die...

...))#
#..####.#.....'.....
#...##
#....##<#.....#...^.
#...#
#....##.#.....#.....
....#
#.....#.##...###.###
#...#
##....#.##...#######
##### #....#..........#..
###..#..........#).
#z########.#..........'..
..o..lg)@..#......∩...#..
....ODg)[..#.##...#...###
......o....##########'###
#######+#### #.....
#..... ##...# #####


You could see a steam dragon, an orc warrior, a wyvern, an ogre, a gnoll
sergeant, a wight (wandering), a gnoll and an orc.

Vanquished Creatures
  Gastronok (D:8)
  Erica (D:8)
  A two-headed ogre (D:8)
  Grinder (D:3)
  4 hippogriffs
  A hungry ghost (D:7)
  A water moccasin (D:8)
  3 sky beasts
  3 phantoms
  4 orc warriors
  4 ice beasts
  3 ogres
  2 centaurs (D:5)
  2 big kobolds (D:7)
  A bullfrog (D:7)
  A scorpion (D:7)
  A water moccasin zombie (D:8)
  6 killer bees (D:7)
  13 wights (D:8)
  2 centaur zombies
  3 bullfrog zombies
  A crimson imp (D:5)
  4 hounds
  5 orc priests
  A bullfrog skeleton (D:4)
  4 orc wizards
  3 iguanas
  6 worker ants
  7 gnolls
  A howler monkey skeleton (D:7)
  7 adders
  2 shadow imps
  3 oozes
  An adder zombie (D:5)
  2 adder skeletons
  3 worms
  4 dart slugs
  4 leopard geckos
  32 orcs
  6 giant cockroaches
  10 goblins
  12 hobgoblins
  13 jackals
  12 kobolds
  3 quokkas
  4 ball pythons
  12 bats
  8 frilled lizards
  A leopard gecko skeleton (D:7)
  11 rats
240 creatures vanquished.

Notes
Turn   | Place    | Note
-------+----------+-------------------------------------------
     0 | D:1      | Lexie the Minotaur Berserker began the quest for the Orb.
     0 | D:1      | Reached XP level 1. HP: 19/19 MP: 0/0
    61 | D:1      | Reached skill level 4 in Axes
    75 | D:1      | Reached XP level 2. HP: 24/26 MP: 1/1
   335 | D:1      | Reached ** piety under Trog
   403 | D:1      | Reached skill level 5 in Axes
   442 | D:1      | Reached XP level 3. HP: 30/31 MP: 2/2
   977 | D:2      | Found a hazy altar of Hepliaklqana.
  1331 | D:2      | Reached XP level 4. HP: 37/39 MP: 3/3
  1375 | D:2      | Reached skill level 6 in Axes
  1440 | D:2      | Found a sparkling altar of Nemelex Xobeh.
  1526 | D:2      | Found a blossoming altar of Fedhas.
  2180 | D:3      | Found a transporter.
  2183 | D:3      | Noticed Grinder
  2195 | D:3      | Killed Grinder
  2195 | D:3      | Reached skill level 8 in Axes
  2195 | D:3      | Reached XP level 5. HP: 39/45 MP: 4/4
  2195 | D:3      | Reached XP level 6. HP: 44/51 MP: 5/5
  2341 | D:3      | Reached *** piety under Trog
  2975 | D:3      | Reached skill level 9 in Axes
  3801 | D:4      | Reached XP level 7. HP: 52/57 MP: 6/6
  4056 | D:5      | Entered Level 5 of the Dungeon
  4067 | D:5      | Reached skill level 10 in Axes
  4351 | D:5      | Reached skill level 11 in Axes
  4802 | D:5      | Reached XP level 8. HP: 49/64 MP: 7/7
  5344 | D:5      | Reached skill level 12 in Axes
  5948 | D:7      | Reached skill level 13 in Axes
  6098 | D:7      | Reached **** piety under Trog
  6104 | D:7      | Found Haduirid's Armour Shop.
  6181 | D:7      | HP: 3/64 [killer bee (3)]
  6419 | D:7      | Reached XP level 9. HP: 61/70 MP: 8/8
  6546 | D:7      | Found a staircase to the Ecumenical Temple.
  6695 | D:7      | Reached skill level 14 in Axes
  7655 | D:7      | Reached skill level 15 in Axes
  8245 | D:8      | Reached skill level 16 in Axes
  8891 | D:8      | Found a staircase to the Lair.
  8906 | D:8      | Reached XP level 10. HP: 77/77 MP: 9/9
  9245 | D:8      | Noticed Erica
  9255 | D:8      | Killed Erica
  9255 | D:8      | Reached skill level 17 in Axes
  9441 | D:8      | Reached ***** piety under Trog
  9449 | D:8      | Found a sacrificial altar of Ru.
  9513 | D:8      | Found Wocvuell's General Store.
  9533 | D:8      | Noticed a two-headed ogre
  9539 | D:8      | Killed a two-headed ogre
 10045 | D:8      | Noticed Gastronok
 10057 | D:8      | Killed Gastronok
 10057 | D:8      | Reached skill level 18 in Axes
 10057 | D:8      | Reached XP level 11. HP: 62/82 MP: 10/10
 10068 | D:8      | Slain by a gnoll sergeant

Skill      XL: |  1  2  3  4  5  6  7  8  9 10 |
---------------+-------------------------------+-----
Axes           | 4 5 8 9 11 13 16 18 | 18.8
Fighting       | |  3.6
Armour         | |  2.4
Dodging        | |  2.1

Action                   |  1- 3 |  4- 6 |  7- 9 | 10-12 || total
-------------------------+-------+-------+-------+-------++-------
Melee: Hand axe          |    89 |   134 |   344 |     9 ||   576
       Headbutt          |    18 |    24 |    70 |    18 ||   130
       Battleaxe         |       |       |       |    43 ||    43
       War axe           |       |       |       |    30 ||    30
Invok: Berserk           |       |     1 |     7 |     3 ||    11
       Trog's Hand       |       |       |     2 |       ||     2
  Use: Potion            |       |       |     1 |       ||     1
       Scroll            |       |       |       |     7 ||     7
 Stab: Sleeping          |       |     1 |       |       ||     1
       Paralysed         |       |       |       |     1 ||     1
  Eat: Chunk             |     1 |     9 |    13 |     4 ||    27
       Fruit             |       |       |     1 |     1 ||     2
       Meat ration       |       |       |     1 |       ||     1
       Bread ration      |       |       |     1 |       ||     1
Armor: Animal skin       |    26 |    13 |    31 |     9 ||    79
Dodge: Dodged            |    53 |    71 |   136 |    42 ||   302
